 Dungeon Crawl Stone Soup version 0.30-a0-2-gf48d83f5e2 (webtiles) character file.

Game seed: 16800304139583587957

1397 siradein the Cutter (level 8, -1/62 HPs)
             Began as a Vampire Gladiator on Aug 20, 2022.
             Was a Follower of Kikubaaqudgha.
             Slain by an orc warrior
             ... wielding a +0 short sword
              (14 damage)
             ... on level 6 of the Dungeon.
             The game lasted 00:15:34 (5686 turns).

siradein the Cutter (Vampire Gladiator)             Turns: 5686, Time: 00:15:35

Health: -1/62      AC:  8    Str: 19    XL:     8   Next: 41%
Magic:  8/8        EV: 14    Int: 12    God:    Kikubaaqudgha [*.....]
Gold:   252        SH:  5    Dex: 16    Spells: 0/7 levels left

rFire   . . .      SeeInvis +    B - +0 short sword (venom)
rCold   . . .      Faith    .    (no shield)
rNeg    . . .      Spirit   .    h - +0 ring mail
rPois   .          Reflect  +    c - +1 helmet
rElec   .          Harm     .    (no cloak)
rCorr   .          Rampage  .    (no gloves)
Will    .....                    A - +0 pair of boots
Stlth   +.........               i - amulet of reflection
HPRegen 0.40/turn                m - +6 ring of strength
MPRegen 0.11/turn                (no ring)

@: healing quickly
A: alive, fangs 3, see invisible, vampiric 2
a: Exsanguinate, Renounce Religion, Unearth Wretches


You were on level 6 of the Dungeon.
You worshipped Kikubaaqudgha.
Kikubaaqudgha was aware of your devotion.
You visited 2 branches of the dungeon, and saw 8 of its levels.

You collected 252 gold pieces.

Inventory:

Hand Weapons
 a - a +0 rapier
 B - a +0 short sword of venom (weapon)
Missiles
 d - 3 throwing nets
 e - a javelin
 f - 3 silver javelins
 u - 7 boomerangs
 D - a poisoned dart (quivered)
Armour
 c - a +1 helmet (worn)
 h - a +0 ring mail (worn)
 A - a +0 pair of boots (worn)
Jewellery
 i - an amulet of reflection (around neck)
 j - an amulet of magic regeneration
 m - a +6 ring of strength (left hand)
Wands
 w - a wand of paralysis (5)
 x - a wand of mindburst (10)
 y - a wand of digging (6)
Scrolls
 b - 2 scrolls of blinking {unknown}
 n - 2 scrolls of amnesia {unknown}
 p - a scroll of fear {unknown}
 q - a scroll of noise {unknown}
 r - 2 scrolls of fog {unknown}
 s - 2 scrolls of poison {unknown}
 t - 4 scrolls of enchant weapon
 v - 2 scrolls of teleportation {unknown}
 F - a scroll of magic mapping {unknown}
Potions
 g - a potion of mutation {unknown}
 k - 2 potions of heal wounds
 l - 4 potions of might
 o - 3 potions of curing {unknown}
 z - 2 potions of ambrosia {unknown}
 C - 2 potions of degeneration {unknown}
 E - a potion of cancellation {unknown}


   Skills:
 - Level 5.3 Fighting
 + Level 6.9 Short Blades
 - Level 1.5 Throwing
 - Level 6.8 Dodging
 + Level 4.2 Necromancy


You couldn't memorise any spells.
You knew the following spells:

 Your Spells              Type           Power      Damage    Failure   Level
a - Vampiric Draining     Necr           10%        2d6       30%         3
b - Animate Dead          Necr           10%        N/A       69%         4

Your spell library contained the following spells:

 Spells                   Type           Power      Damage    Failure   Level
 Necrotise                Necr           40%        1d6       10%         1
 Call Canine Familiar     Summ           0%         N/A       86%         3
 Ignite Poison            Fire/Tmut/Pois 0%         N/A       86%         3
 Mephitic Cloud           Conj/Pois/Air  0%         N/A       86%         3
 Portal Projectile        Hex/Tloc       0%         N/A       86%         3
 Anguish                  Hex/Necr       2%         N/A       94%         4
 Leda's Liquefaction      Hex/Erth       0%         N/A       99%         4
 Freezing Cloud           Conj/Ice/Air   0%         6-21      100%        5


Dungeon Overview and Level Annotations

Branches:
Dungeon (7/15)             Temple (1/1) D:4

Altars:
Cheibriados
Dithmenos
Gozag
Kikubaaqudgha
Nemelex Xobeh
Qazlal
Uskayaw
Yredelemnul

Annotations:
D:3 2 transporters, Splishie's ghost, weakling GnWn


Innate Abilities, Weirdness & Mutations

Your natural rate of healing is accelerated.
You have razor-sharp teeth.
You have supernaturally acute eyesight. (SInv)
You are afflicted with vampirism and can become a bat while bloodless.


Message History

No target in view!
No target in view!
Setting a skill training target for Short Blades at 14.0.
You climb downwards.
The orc warrior hits you with a +0 short sword.
You block the kobold brigand's attack.
There is a stone staircase leading up here.
HP restored.
The orc warrior misses you.
The kobold brigand hits you but does no damage.
You climb upwards.
There is a stone staircase leading down here.
Unknown command.
You barely miss the orc warrior. Your bite misses the orc warrior.
You barely miss the orc warrior. You block the orc warrior's attack.
The kobold brigand hits you with a +0 club.
You hit the orc warrior but do no damage.
The orc warrior is poisoned.
The orc warrior hits you with a +0 short sword.
The kobold brigand hits you with a +0 club.
You hit the orc warrior but do no damage.
The orc warrior is lightly wounded.
The kobold brigand hits you with a +0 club.
The orc warrior hits you with a +0 short sword!
You closely miss the orc warrior. You bite the orc warrior.
The orc warrior is lightly wounded.
The orc warrior attacks as you move away!
The orc warrior hits you with a +0 short sword!
The kobold brigand hits you with a +0 club.
The orc warrior attacks as you move away!
You block the orc warrior's attack.
You barely miss the orc warrior.
The orc warrior is moderately wounded.
The orc warrior hits you with a +0 short sword!
* * * LOW HITPOINT WARNING * * *
You hit the orc warrior.
The orc warrior looks as sick as possible!
The orc warrior is moderately wounded.
The orc warrior hits you with a +0 short sword!
You die...
Kikubaaqudgha rasps: "You have failed me!
Welcome... death!"

###############
#....#........#
#######.##.#.#####.##
#####........#.#.#####.#
...#......#..#.#.#...#.#
#.##..###.#..#.#@#.#.#.#
......#.#.#....#o#.#.#.#
#.##.##.#.#.####K#.#.#.#
.......<.......>.#.#.#.#
#.#######.###.(.)#.#.#.#
#.......#.)..........#.#
######...........#.###.#
##.#.#.#.#.#.......#
#.............######


You could see an orc warrior (extremely poisoned) and a kobold brigand.

Vanquished Creatures
  A steam dragon (D:6)
  A water moccasin (D:3)
  An ice beast (D:6)
  A centaur (D:6)
  An ogre (D:6)
  A phantom (D:4)
  2 scorpions (D:5)
  A necrophage (D:5)
  2 jellies (D:5)
  3 hounds
  2 orc priests (D:6)
  A gnoll bouda (D:5)
  Jessica (D:3)
  An iguana (D:4)
  An orc wizard (D:6)
  16 gnolls
  10 adders
  3 ufetubi
  A worm (D:2)
  2 dart slugs
  5 orcs
  11 ball pythons
  6 endoplasms
  3 giant cockroaches
  6 hobgoblins
  8 kobolds
  6 quokkas
  3 bats
  4 frilled lizards
  7 goblins
  5 rats
116 creatures vanquished.

Notes
Turn   | Place    | Note
-------+----------+-------------------------------------------
     0 | D:1      | siradein the Vampire Gladiator began the quest for the Orb.
     0 | D:1      | Reached XP level 1. HP: 16/16 MP: 1/1
    63 | D:1      | Reached XP level 2. HP: 15/22 MP: 2/2
   431 | D:1      | You fall into a shaft and drop 1 floor!
   473 | D:2      | Gained mutation: You are afflicted with vampirism and can
                  | become a bat while bloodless. [Vampire growth]
   473 | D:2      | Reached XP level 3. HP: 25/28 MP: 3/3
   908 | D:2      | Reached XP level 4. HP: 34/34 MP: 4/4
  1299 | D:3      | Noticed Splishie's ghost (weakling GnWn)
  1300 | D:3      | Found a transporter.
  1394 | D:3      | Found a shadowy altar of Dithmenos.
  1411 | D:3      | Noticed a water moccasin
  1432 | D:3      | Killed a water moccasin
  1433 | D:3      | Reached XP level 5. HP: 39/41 MP: 5/5
  1768 | D:3      | Found a transporter.
  1773 | D:3      | Noticed Jessica
  1795 | D:3      | Killed Jessica
  2196 | D:4      | Reached skill level 5 in Short Blades
  2513 | D:4      | Found a snail-covered altar of Cheibriados.
  2587 | D:4      | Found a staircase to the Ecumenical Temple.
  2589 | D:4      | Noticed a phantom
  2605 | D:4      | Killed a phantom
  2606 | D:4      | Reached skill level 5 in Dodging
  2606 | D:4      | Reached XP level 6. HP: 37/48 MP: 6/6
  2617 | Temple   | Entered the Ecumenical Temple
  2657 | Temple   | Became a worshipper of Kikubaaqudgha
  2953 | D:4      | Reached skill level 1 in Necromancy
  3037 | D:5      | Entered Level 5 of the Dungeon
  3515 | D:5      | Reached XP level 7. HP: 54/54 MP: 7/7
  4173 | D:5      | Reached * piety under Kikubaaqudgha
  4173 | D:5      | Received a gift from Kikubaaqudgha
  4183 | D:5      | Learned a level 3 spell: Vampiric Draining
  4612 | D:6      | HP: 4/82 [poisoned by a gnoll]
  4613 | D:6      | HP: 1/82 [poisoned by a gnoll]
  4919 | D:6      | Reached XP level 8. HP: 47/61 MP: 8/8
  5082 | D:6      | Reached skill level 5 in Fighting
  5662 | D:6      | Learned a level 4 spell: Animate Dead
  5686 | D:6      | Slain by an orc warrior

Illustrated notes

Levels and vault maps discovered:
D:1:      dpeg_arrival_pond, layout_rooms
D:2:      layout_rooms
D:3:      layout_basic, mainiacjoe_overflow_24_doors,
          gammafunk_ghost_stat_death, saegor_snake_ambush, uniq_jessica
D:4:      layout_rooms, mainiacjoe_overflow_alcove_4, minmay_temple_entry_glass
D:5:      layout_cave_pods, serial_park_tiny_2
D:6:      layout_basic, minmay_misc_feat_pillars
D:7:      layout_basic, uniq_prince_ribbit1
Temple:   regret_index_temple_waves

Skill      XL: |  1  2  3  4  5  6  7  8 |
---------------+-------------------------+-----
Fighting       | 2 3 4 5 |  5.3
Short Blades   | 4 5 6 |  6.9
Dodging        | 4 5 6 |  6.8
Necromancy     | 2 3 4 |  4.2
Throwing       | |  1.5

Action                   |  1- 3 |  4- 6 |  7- 9 || total
-------------------------+-------+-------+-------++-------
Melee: Rapier            |   144 |   200 |   162 ||   506
       Punch             |     1 |     1 |    10 ||    12
       Bite              |     9 |    26 |    34 ||    69
       Short sword       |       |       |    60 ||    60
Throw: Dart              |       |       |     7 ||     7
       Throwing net      |       |       |     1 ||     1
  Use: Scroll            |       |     6 |     1 ||     7
       Potion            |       |     1 |     3 ||     4
 Stab: Sleeping          |     1 |       |       ||     1
Armor: Leather armour    |    14 |       |       ||    14
       Ring mail         |    25 |    40 |    61 ||   126
       Skin              |       |    12 |       ||    12
Dodge: Dodged            |    71 |    86 |   122 ||   279
Block: Other             |     4 |    36 |    56 ||    96
       Reflection        |       |     1 |       ||     1

Table legend: (Time is in decaauts)
 A = Elapsed time spent in this place.
 B = Non-inter-level travel time spent in this place.
 C = Inter-level travel time spent in this place.
 D = Time resting spent in this place.
 E = Time spent auto-exploring this place.
 F = Levels seen in this place.
 G = Mean time per level.
                   A        B        C        D        E       F      G
               +--------+--------+--------+--------+--------+-----+--------+
         Total |   5685 |   5378 |    307 |    328 |   3795 |   8 |  710.6 |
       Dungeon |   5620 |   5340 |    280 |    328 |   3763 |   7 |  802.9 |
        Temple |     65 |     39 |     26 |      0 |     31 |   1 |   65.0 |
               +--------+--------+--------+--------+--------+-----+--------+

Top non-repeatable levels by time:
     D:5: 1370 daAuts
     D:6: 1248 daAuts
     D:3: 1018 daAuts
     D:1: 701 daAuts
     D:4: 648 daAuts
     D:2: 622 daAuts
  Temple: 65 daAuts
     D:7: 11 daAuts
